 Dungeon Crawl Stone Soup version 0.30-a0-23-ge60ba3568b (webtiles) character file.

Game seed: 5842013287317129991

1684 ytrimaz the Martial Artist (level 8, -5/55 (58) HPs)
             Began as a Demonspawn Monk on Aug 24, 2022.
             Was a Priest of Jiyva.
             Slain by a gnoll
             ... wielding a +0 halberd
             ... led by a gnoll bouda
              (12 damage)
             ... on level 7 of the Dungeon.
             The game lasted 00:09:09 (7135 turns).

ytrimaz the Martial Artist (Demonspawn Monk)        Turns: 7135, Time: 00:09:10

HP:   -5/55 (58)    AC:  5    Str: 11    XL:     8   Next: 71%
MP:   11/11         EV: 17    Int: 14    God:    Jiyva [***...]
Gold: 245           SH:  0    Dex: 16    Spells: 12/12 levels left

rFire   . . .      SeeInvis .      - Unarmed
rCold   . . .      Faith    .    (no shield)
rNeg    . . .      Spirit   .    n - +0 steam dragon scales
rPois   .          Reflect  .    (helmet restricted)
rElec   .          Harm     .    (no cloak)
rCorr   +          Rampage  .    (no gloves)
Will    .....                    (no boots)
Stlth   ++........               (no amulet)
HPRegen 1.30/turn                (no ring)
MPRegen 0.47/turn                (no ring)

@: drained
A: horns 2, repulsion field 1, demonic guardian 1
a: Renounce Religion, Oozemancy


You were on level 7 of the Dungeon.
You worshipped Jiyva.
Jiyva was most pleased with you.
You visited 2 branches of the dungeon, and saw 8 of its levels.
You also visited: Sewer.

You collected 365 gold pieces.
You spent 120 gold pieces at shops.

Inventory:

Missiles
 t - a throwing net (quivered)
Armour
 a - a +0 robe
 n - +0 steam dragon scales (worn)
 u - a +2 robe of resistance
Jewellery
 f - an amulet of faith
Wands
 c - a wand of charming (3)
 e - a wand of mindburst (4)
 k - a wand of polymorph (1)
 x - a wand of flame (25)
Scrolls
 b - 4 scrolls of teleportation
 i - a scroll of noise
 l - a scroll of amnesia
 m - 2 scrolls of butterflies
 v - 2 scrolls of identify
 w - a scroll of acquirement {unknown}
Potions
 d - 3 potions of mutation
 g - a potion of brilliance {unknown}
 h - a potion of resistance
 o - a potion of invisibility
 p - a potion of haste
 q - a potion of cancellation {unknown}
 r - a potion of ambrosia
 s - a potion of flight {unknown}


   Skills:
 - Level 3.0 Fighting
 + Level 5.8 Dodging
 - Level 1.7 Stealth
 + Level 8.8 Unarmed Combat
 - Level 2.5 Spellcasting


You had 12 spell levels left.
You didn't know any spells.
Your spell library was empty.

Dungeon Overview and Level Annotations

Branches:
Dungeon (7/15)             Temple (1/1) D:6           Sewer (visited)

Altars:
Ashenzari
Cheibriados
Dithmenos
Gozag
Hepliaklqana
Kikubaaqudgha
Makhleb
Nemelex Xobeh
Qazlal
Ru
Sif Muna
Trog
Uskayaw
Vehumet
Wu Jian
Xom
Yredelemnul

Shops:
D:1 ?   D:5 *

Annotations:
D:7 1 runed translucent door, Hades's ghost, novice DsAK


Innate Abilities, Weirdness & Mutations

You have a pair of horns on your head.
You are surrounded by a mild repulsion field. (EV +2)
A weak demonic guardian rushes to your aid.


Message History

The wight is almost destroyed.
The jelly closely misses something.
The gnoll misses you. The wight barely misses your quasit.
The wight hits you with a +0 mace!
* * * LOW HITPOINT WARNING * * *
You feel drained.
* * * LOW HITPOINT WARNING * * *
Something hits the jelly!
The jelly dies!
The gnoll misses you.
You feel better.
The gnoll hits you from afar with a +0 spear.
* * * LOW HITPOINT WARNING * * *
A wight comes into view. It is wielding a +0 morningstar.
The wight hits your quasit with a +0 flail.
The wight closely misses you.
The gnoll hits you from afar with a +0 halberd.
* * * LOW HITPOINT WARNING * * *
Your quasit bites the wight but does no damage.
Your quasit claws the wight but does no damage.
Your quasit closely misses the wight.
Okay, then.
You feel better.
The gnoll is no longer moving quickly.
You hear a distant slurping noise.
The gnoll hits you from afar with a +0 spear.
* * * LOW HITPOINT WARNING * * *
Your quasit bites the wight but does no damage.
Your quasit claws the wight but does no damage. x2
The wight barely misses your quasit. The gnoll barely misses you.
The wight hits you with a +0 mace.
* * * LOW HITPOINT WARNING * * *
You feel drained.
* * * LOW HITPOINT WARNING * * *
You feel better.
Your quasit bites the wight but does no damage.
Your quasit claws the wight but does no damage. x2
The gnoll hits you from afar with a +0 spear.
* * * LOW HITPOINT WARNING * * *
The wight barely misses your quasit. The wight closely misses you.
The gnoll hits you from afar with a +0 halberd!
You die...

## . ###.#### .. #..
......## ...... .....
#z#g# #.......#[#
#5)g##...###....#
#@###...##⌠##...##
#.#####z##...##...##...#
#......z....##..!..##..#
#######.#...#W.!♣...+...
#.##..##..?..##...
###.##...##...##....
...........##⌠##...#.
####.####...###......
...####.†......####


You could see 3 wights, 2 gnolls and a friendly quasit (summoned).

Vanquished Creatures
  Pikel (D:6)
  Maggie (D:6)
  Grinder (D:5)
  A water moccasin (D:3)
  A lemure (D:6)
  A bullfrog (D:7)
  2 wights (D:7)
  A jelly (Sewer)
  2 hounds
  Terence (D:3)
  2 gnoll boudas
  An iguana (D:6)
  7 adders
  3 gnolls
  2 river rats
  2 ufetubi (D:5)
  A dart slug (D:1)
  6 worms
  5 orcs
  10 ball pythons
  5 bats
  14 endoplasms
  6 giant cockroaches
  6 hobgoblins
  4 jackals (D:4)
  4 kobolds
  4 quokkas
  5 frilled lizards
  7 goblins
  10 rats
116 creatures vanquished.

Vanquished Creatures (collateral kills)
  A gnoll (D:5)
  An adder (D:3)
  2 endoplasms (Sewer)
  A ball python (Sewer)
  2 bats
7 creatures vanquished.

Vanquished Creatures (others)
  A lemure (D:6)
  3 jellies
  2 orc priests (D:7)
  An iguana (D:6)
  A gnoll (D:5)
  An adder (D:5)
  A white imp (D:7)
  3 orcs
  A ball python (Sewer)
14 creatures vanquished.

Grand Total: 137 creatures vanquished

Notes
Turn   | Place    | Note
-------+----------+-------------------------------------------
     0 | D:1      | ytrimaz the Demonspawn Monk began the quest for the Orb.
     0 | D:1      | Reached XP level 1. HP: 18/18 MP: 1/1
   279 | D:1      | Reached skill level 3 in Unarmed Combat
   281 | D:1      | Gained mutation: You are surrounded by a mild repulsion
                  | field. (EV +2) [demonic ancestry]
   281 | D:1      | Reached XP level 2. HP: 24/24 MP: 2/2
   503 | D:1      | Found Kat Rom's Magic Scroll Boutique.
   526 | D:1      | Found a faded altar of an unknown god.
  1128 | D:1      | Reached XP level 3. HP: 29/29 MP: 3/3
  2379 | D:3      | Noticed a water moccasin
  2401 | D:3      | Killed a water moccasin
  2402 | D:3      | Reached skill level 4 in Unarmed Combat
  2402 | D:3      | Gained mutation: A weak demonic guardian rushes to your
                  | aid. [demonic ancestry]
  2402 | D:3      | Reached XP level 4. HP: 4/35 MP: 4/4
  2402 | D:3      | Gained mutation: You have a pair of small horns on your
                  | head. [demonic ancestry]
  2402 | D:3      | Reached XP level 5. HP: 5/41 MP: 5/5
  3008 | D:3      | Noticed Terence
  3033 | D:3      | Killed Terence
  3534 | D:4      | Reached skill level 5 in Unarmed Combat
  4114 | D:5      | Entered Level 5 of the Dungeon
  4296 | D:5      | Found a glowing drain.
  4373 | Sewer    | Entered a sewer
  4581 | Sewer    | Reached XP level 6. HP: 47/47 MP: 6/6
  4905 | Sewer    | Found a viscous altar of Jiyva.
  5192 | Sewer    | Became a worshipper of Jiyva Jaikic the Shapeless
  5192 | Sewer    | Reached * piety under Jiyva
  5192 | Sewer    | Reached ** piety under Jiyva
  5325 | D:5      | Found Muile's General Store.
  5339 | D:5      | Bought a potion of curing for 36 gold pieces
  5339 | D:5      | Bought a scroll of identify for 24 gold pieces
  5339 | D:5      | Bought a scroll of identify for 24 gold pieces
  5339 | D:5      | Bought a scroll of teleportation for 36 gold pieces
  5383 | D:5      | Noticed Grinder
  5396 | D:5      | Paralysed by Grinder for 4 turns
  5405 | D:5      | Killed Grinder
  5406 | D:5      | Reached skill level 6 in Unarmed Combat
  5406 | D:5      | Reached XP level 7. HP: 32/52 MP: 7/7
  6165 | D:6      | Found a staircase to the Ecumenical Temple.
  6177 | Temple   | Entered the Ecumenical Temple
  6379 | D:6      | Noticed Maggie
  6406 | D:6      | Killed Maggie
  6407 | D:6      | Reached skill level 5 in Dodging
  6407 | D:6      | Reached skill level 7 in Unarmed Combat
  6407 | D:6      | Reached skill level 1 in Spellcasting
  6407 | D:6      | Gained mutation: You have a pair of horns on your head.
                  | [demonic ancestry]
  6407 | D:6      | Reached XP level 8. HP: 31/58 MP: 7/10
  6492 | D:6      | Reached *** piety under Jiyva
  6502 | D:6      | Noticed Pikel
  6531 | D:6      | Killed Pikel
  6532 | D:6      | Reached skill level 8 in Unarmed Combat
  7061 | D:7      | Found a runed translucent door.
  7064 | D:7      | Noticed Hades's ghost (novice DsAK)
  7132 | D:7      | HP: 2/56 [wight/+0 mace (3)]
  7135 | D:7      | Slain by a gnoll

Illustrated notes

Levels and vault maps discovered:
D:1:      dpeg_arrival_orchard, layout_basic, ebering_ecumenical_altar_hall,
          serial_shops, nicolae_lakefront_shop, kennysheep_crisscross
D:2:      layout_loops_cross
D:3:      layout_rooms, uniq_terence
D:4:      layout_basic
D:5:      layout_loops_ring, serial_shops, nicolae_shop_advertising_works
          [nicolae_subvault_shop_adworks], cheibrodos_sewer_entry_sluice,
          uniq_grinder
D:6:      layout_loops_ring, minmay_temple_entry_mist, uniq_maggie, uniq_pikel
D:7:      layout_loops_ring, hellmonk_ghost_happy_afterlife
Temple:   hellmonk_temple_of_storms

Skill      XL: |  1  2  3  4  5  6  7  8 |
---------------+-------------------------+-----
Unarmed Combat | 3 4 5 6 7 8 |  8.8
Dodging        | 3 4 5 |  5.8
Spellcasting   | 1 2 |  2.5
Fighting       | |  3.0
Stealth        | |  1.7

Action                   |  1- 3 |  4- 6 |  7- 9 || total
-------------------------+-------+-------+-------++-------
Melee: Unarmed           |   146 |   215 |   121 ||   482
       Punch             |     2 |    10 |    13 ||    25
       Headbutt          |       |    34 |    19 ||    53
  Use: Scroll            |     4 |     9 |     2 ||    15
       Potion            |     4 |     3 |     8 ||    15
 Stab: Sleeping          |     7 |     4 |     3 ||    14
       Distracted        |       |       |     1 ||     1
       Invisible         |       |       |     5 ||     5
Armor: Robe              |    26 |    18 |     3 ||    47
       Steam dragon scal |       |       |     6 ||     6
Dodge: Dodged            |    96 |   161 |   126 ||   383

Table legend: (Time is in decaauts)
 A = Elapsed time spent in this place.
 B = Non-inter-level travel time spent in this place.
 C = Inter-level travel time spent in this place.
 D = Time resting spent in this place.
 E = Time spent auto-exploring this place.
 F = Levels seen in this place.
 G = Mean time per level.
                   A        B        C        D        E       F      G
               +--------+--------+--------+--------+--------+-----+--------+
         Total |   7121 |   6939 |    182 |    157 |   5585 |   9 |  791.2 |
       Dungeon |   6168 |   5992 |    176 |    157 |   4859 |   7 |  881.1 |
        Temple |     39 |     33 |      6 |      0 |     18 |   1 |   39.0 |
         Sewer |    913 |    913 |      0 |      0 |    708 |   1 |  913.0 |
               +--------+--------+--------+--------+--------+-----+--------+

Top non-repeatable levels by time:
     D:1: 1629 daAuts
     D:3: 1137 daAuts
     D:5: 955 daAuts
   Sewer: 913 daAuts
     D:6: 808 daAuts
     D:4: 779 daAuts
     D:2: 653 daAuts
     D:7: 205 daAuts
  Temple: 39 daAuts
